AoeStats
← BSHammer

African Clearing

503922486Analyzed
4v4 RM · 1mo ago on Sep 3, 2026· 52m 34s· 8 players
Game mode
Random Map
Map size
Large (8 player)
Population
200
Speed
Normal
Resources
Standard
Victory
Conquest
Starting age
Dark Age
Ending age
Imperial Age
RankedLock teamsTeams togetherTeam positionsShared explorationLock speedFull tech treeHidden civsTurbo modeCheats
Victory
Defeat
🇺🇸 Sicilians · United States
1560
+17
🇨🇳 Wu · China
1538
+18
🇺🇸 Jurchens · United States
1470
+21
🇺🇸 Franks · United States
1461
+21
🇦🇷 Byzantines · Argentina
1724
-26
🇨🇱 Goths · Chile
1584
-19
🇨🇱 Mapuche · Chile
1505
-16
🇨🇱 Turks · Chile
1499
-16
koriko9397
13:28 Feudal Age
15:09 Double-Bit Axe
17:43 Castle Age
19:29 Horse Collar
20:05 Bow Saw
19:47 Loom
25:20 Heavy Plow
26:31 Wheelbarrow
28:28 First Crusade
29:15 Hand Cart
28:46 Town Watch
31:02 Forging
30:58 Scale Barding Armor
34:29 Imperial Age
32:58 Bloodlines
32:48 Husbandry
33:58 Iron Casting
34:34 Cavalier
36:17 Chain Barding Armor
36:24 Hauberk
38:42 Blast Furnace
39:13 Conscription
39:44 Plate Barding Armor
41:09 Conscription
43:37 Light Cavalry
50:04 Conscription
52:01 Scale Mail Armor
51:33 Man-at-Arms
52:00 Gambesons
啦啦啦啦啦啦
15:13 Feudal Age
15:21 Man-at-Arms
18:27 Fletching
20:24 Padded Archer Armor
26:17 Castle Age
34:38 Horse Collar
37:15 Squires
43:20 Double-Bit Axe
45:55 Bodkin Arrow
46:24 Ballistics
46:02 Stone Mining
49:23 Imperial Age
46:39 Loom
46:46 Loom
47:38 Wheelbarrow
47:44 Leather Archer Armor
47:19 Town Watch
48:44 Red Cliffs Tactics
49:34 Elite Fire Archer
50:39 Bracer
52:29 Chemistry
Lucas Ducas
11:56 Feudal Age
13:44 Loom
14:37 Bloodlines
14:45 Bloodlines
14:43 Scale Barding Armor
15:42 Forging
17:06 Loom
18:12 Town Watch
21:43 Castle Age
20:03 Fletching
21:20 Gold Mining
21:48 Light Cavalry
23:20 Double-Bit Axe
34:51 Bow Saw
35:55 Ballistics
36:25 Bodkin Arrow
36:59 Horse Collar
39:06 Husbandry
39:58 Wheelbarrow
39:56 Chain Barding Armor
41:54 Heavy Plow
42:21 Stone Mining
43:22 Iron Casting
46:27 Imperial Age
43:55 Treadmill Crane
44:53 Fortified Bastions
46:25 Hand Cart
48:10 Blast Furnace
47:46 Plate Barding Armor
47:35 Conscription
47:48 Masonry
47:48 Elite Iron Pagoda
49:56 Bracer
50:43 Architecture
51:29 Two-Man Saw
51:23 Padded Archer Armor
51:30 Siege Engineers
52:26 Chemistry
52:16 Thunderclap Bombs
BSHammer
5:46 Loom
13:52 Feudal Age
18:39 Castle Age
33:17 Imperial Age
33:15 Forging
39:17 Double-Bit Axe
41:18 Bow Saw
42:21 Iron Casting
42:53 Wheelbarrow
46:42 Blast Furnace
50:02 Hand Cart
50:20 Conscription
49:59 Arson
50:15 Squires
50:32 Town Watch
51:03 Scale Mail Armor
51:07 Gold Mining
52:05 Light Cavalry
52:59 Scale Barding Armor
52:57 Husbandry
Darth Maul
2:44 Loom
14:45 Feudal Age
18:54 Castle Age
17:22 Fishing Lines
18:37 Horse Collar
18:44 Double-Bit Axe
19:54 Gillnets
20:17 Bow Saw
22:20 Wheelbarrow
22:36 Gold Mining
24:54 Husbandry
25:00 Scale Barding Armor
25:37 Hand Cart
25:55 Horse Collar
27:57 Town Watch
28:58 Chain Barding Armor
33:11 Imperial Age
31:46 Forging
32:05 Bloodlines
33:08 Iron Casting
33:19 Cavalier
35:19 Chemistry
35:27 Blast Furnace
36:18 Heavy Plow
36:49 Scale Mail Armor
37:25 Squires
38:39 Pikeman
39:35 Chain Mail Armor
39:12 Halberdier
41:19 Ballistics
41:09 Masonry
42:25 Conscription
42:07 Perfusion
44:11 Capped Ram
45:09 Man-at-Arms
45:54 Long Swordsman
48:07 Two-Handed Swordsman
48:27 Champion
49:17 Light Cavalry
50:10 Hussar
52:16 Architecture
[CL] ~C H R I $-
3:16 Loom
13:45 Feudal Age
14:13 Double-Bit Axe
16:15 Forging
23:46 Castle Age
21:50 Stone Mining
22:31 Horse Collar
24:57 Bow Saw
34:25 Bloodlines
41:08 Wheelbarrow
49:43 Hand Cart
54:17 Imperial Age
[CL] Marcianeke
9:44 Loom
11:51 Loom
14:51 Feudal Age
18:43 Castle Age
18:04 Fletching
37:05 Horse Collar
39:31 Double-Bit Axe
41:29 Wheelbarrow
42:09 Bow Saw
42:00 Heavy Plow
41:31 Pikeman
43:15 Hand Cart
43:10 Scale Mail Armor
43:20 Forging
45:54 Imperial Age
44:15 Scale Mail Armor
44:57 Forging
45:22 Chain Mail Armor
47:08 Iron Casting
46:05 Halberdier
49:27 Blast Furnace
49:56 Plate Mail Armor
50:43 Padded Archer Armor
[CL] Al3jandr0.magn00
5:30 Loom
14:41 Feudal Age
19:26 Fletching
24:50 Padded Archer Armor
30:56 Castle Age
50:14 Wheelbarrow
Connection lost

Rejoining the realm…

Still unreachable

The connection could not be restored.

Session expired

The server has moved on; the page needs a fresh start.